 Dungeon Crawl Stone Soup version 0.23.2-40-g277498a001 (webtiles) character file.

Game seed: 9913795598676174827

66 Hylith the Magician (level 4, -3/27 HPs)
             Began as an Octopode Wizard on Aug 15, 2019.
             Slain by a kobold
             ... wielding a +0 club
              (4 damage)
             ... on level 2 of the Dungeon.
             The game lasted 00:05:12 (2180 turns).

Hylith the Magician (Octopode Wizard)               Turns: 2180, Time: 00:05:12

Health: -3/27      AC:  1    Str:  6    XL:     4   Next: 15%
Magic:  0/9        EV: 13    Int: 21    God:
Gold:   65         SH:  0    Dex: 10    Spells: 5/10 levels left

rFire    . . .     SeeInvis .   e - +0 short sword
rCold    . . .     Gourm    .   (no shield)
rNeg     . . .     Faith    .   a - +0 hat
rPois    .         Spirit   .   (no amulet)
rElec    .         Reflect  .   (no ring)
rCorr    .         Harm     .   (no ring)
MR       .....                  (no ring)
Stlth    +++.......             (no ring)
HPRegen  0.09/turn              (no ring)
MPRegen  0.11/turn              (no ring)
                                (no ring)
                                (no ring)

@: very slightly contaminated, lightly drained
A: almost no armour, stealthy swim, amphibious, 8 rings, constrict 8, camouflage
1, gelatinous body 1
a: no special abilities


You were on level 2 of the Dungeon.
You were not hungry.

You visited 1 branch of the dungeon, and saw 2 of its levels.

You collected 65 gold pieces.

Inventory:

Hand Weapons
 e - a +0 short sword (weapon)
Armour
 a - a +0 hat (worn)
Scrolls
 h - a scroll of enchant armour {unknown}
 j - a scroll of remove curse
 k - a scroll of fog {unknown}
Potions
 b - a potion of curing {unknown}
 d - a potion of flight {unknown}
 g - a potion of haste {unknown}
 i - a potion of cancellation {unknown}
Comestibles
 c - 7 rations
 f - 3 chunks of flesh


   Skills:
 - Level 2.0(1.8) Dodging
 - Level 3.0(2.9) Stealth
 + Level 3.9(3.8) Spellcasting
 + Level 2.5(2.3) Conjurations
 - Level 1.0(0.8) Summonings
 - Level 1.0(0.8) Translocations


You had 5 spell levels left.
You knew the following spells:

 Your Spells              Type           Power        Failure   Level  Hunger
a - Magic Dart            Conj           ##..         4%          1    None
b - Blink                 Tloc           N/A          13%         2    #......
c - Call Imp              Summ           #.......     13%         2    #......

Your spell library contained the following spells:

 Spells                   Type           Power        Failure   Level  Hunger
 Slow                     Hex            #.......     19%         2    #......
 Conjure Flame            Conj/Fire      #.......     22%         3    ###....
 Mephitic Cloud           Conj/Pois/Air  #.......     26%         3    ###....


Dungeon Overview and Level Annotations

Branches:
Dungeon (2/15)

Altars:


Innate Abilities, Weirdness & Mutations

You cannot wear most types of armour.
You are very stealthy in the water. (Stealth+)
You are amphibious.
You can wear up to eight rings at the same time.
You can use your tentacles to constrict eight enemies at once.
Your skin changes colour to match your surroundings (Stealth+).
Your rubbery body absorbs attacks. (AC +1, EV +1)


Message History

Press: ? - help, Shift-Dir - straight line The magic dart hits something but does no damage.
Something hits you.
* * * LOW HITPOINT WARNING * * *
Casting: Magic Dart (safe; 4% risk of failure)
Confirm with . or Enter, or press ? or * to list all spells.
Aiming: Magic Dart (safe; 4% risk of failure)
Press: ? - help, Shift-Dir - straight line The magic dart hits something but does no damage.
A hobgoblin comes into view.
Something hits you.
* * * LOW HITPOINT WARNING * * *
Casting: Magic Dart (safe; 4% risk of failure)
Confirm with . or Enter, or press ? or * to list all spells.
Aiming: Magic Dart (safe; 4% risk of failure)
Press: ? - help, Shift-Dir - straight line The magic dart hits something but does no damage.
The hobgoblin shouts!
Something hits you.
You die...

##....# ##....# ##....#
##....# ##
##....############# ...
..................##..g.
..................>...
##############.##..##.#
#.(@{....# #####..###
...( .##. #


You could see a hobgoblin.

Vanquished Creatures
  Robin (D:2)
  5 dart slugs
  2 leopard geckos
  3 bats
  2 giant cockroaches (D:1)
  12 goblins
  5 hobgoblins
  4 kobolds (D:1)
  A frilled lizard (D:1)
  5 rats
40 creatures vanquished.

Vanquished Creatures (collateral kills)
  A kobold (D:1)
1 creature vanquished.

Grand Total: 41 creatures vanquished

Notes
Turn   | Place    | Note
-------+----------+-------------------------------------------
     0 | D:1      | Hylith the Octopode Wizard began the quest for the Orb.
     0 | D:1      | Reached XP level 1. HP: 11/11 MP: 4/4
    95 | D:1      | Reached XP level 2. HP: 12/17 MP: 0/6
   713 | D:1      | Reached XP level 3. HP: 12/21 MP: 2/8
   859 | D:1      | Learned a level 2 spell: Blink
   862 | D:1      | Learned a level 2 spell: Call Imp
  1652 | D:2      | Noticed Robin
  2019 | D:2      | Killed Robin
  2019 | D:2      | Reached XP level 4. HP: 16/27 MP: 0/9
  2179 | D:2      | HP: 1/27 [something (3)]
  2180 | D:2      | Slain by a kobold

Skill      XL: |  1  2  3 |
---------------+----------+-----
Stealth        | 3 |  3.0
Conjurations   | 2 |  2.5
Dodging        | |  2.0
Spellcasting   | |  3.9
Summonings     | |  1.0
Translocations | |  1.0

Action                   |  1- 3 |  4- 6 || total
-------------------------+-------+-------++-------
Melee: Club              |     4 |       ||     4
       Constrict         |    15 |       ||    15
       Tentacles         |     7 |     1 ||     8
       Short sword       |    47 |     8 ||    55
 Cast: Magic Dart        |    59 |    10 ||    69
       Call Imp          |     2 |       ||     2
  Use: Scroll            |     2 |       ||     2
 Stab: Sleeping          |     4 |       ||     4
  Eat: Chunk             |     3 |     1 ||     4
Armor: Skin              |     9 |       ||     9
Dodge: Dodged            |    36 |     2 ||    38
